 Dungeon Crawl Stone Soup version 0.29-a0-885-gb26ba3297d (webtiles) character file.

Game seed: 8863193970098614418

6536 kevlar127 the Grappler (level 10, -4/106 HPs)
             Began as a Troll Berserker on July 20, 2022.
             Was an Elder of Trog.
             Killed from afar by a tengu conjurer (13 damage)
             ... with a bolt of lightning
             ... on level 11 of the Dungeon.
             The game lasted 00:17:44 (8901 turns).

kevlar127 the Grappler (Troll Berserker)            Turns: 8901, Time: 00:17:45

Health: -4/106     AC:  6    Str: 31    XL:     10   Next: 69%
Magic:  9/9        EV:  9    Int:  3    God:    Trog [****..]
Gold:   433        SH:  9    Dex:  9    Spells: 9/9 levels left

rFire   + . .      SeeInvis .     - Unarmed
rCold   + . .      Faith    .   B - +1 kite shield {reflect}
rNeg    . . .      Spirit   .   a - +2 robe {rC+ rF+}
rPois   .          Reflect  +   (helmet restricted)
rElec   .          Harm     .   (no cloak)
rCorr   +          Rampage  .   (gloves unavailable)
Will    ++...                   (boots unavailable)
Stlth   +.........              b - amulet of regeneration
HPRegen 2.87/turn               e - ring of flight
MPRegen 0.11/turn               i - ring of resist corrosion

@: mighty, strong-willed, on berserk cooldown, flying, regenerating, slowed,
very slow
A: large, unfitting armour, claws 3, regeneration 1, shaggy fur 1, tough skin 1
a: Renounce Religion, Berserk, Trog's Hand, Brothers in Arms


You were on level 11 of the Dungeon.
You worshipped Trog.
Trog was greatly pleased with you.
You visited 1 branch of the dungeon, and saw 11 of its levels.

You collected 598 gold pieces.
You spent 165 gold pieces at shops.

Inventory:

Missiles
 c - 9 boomerangs (quivered)
 h - 79 stones
 p - 20 poisoned darts
 G - 5 curare-tipped darts
Armour
 a - a +2 robe of resistance (worn)
 B - a +1 kite shield of reflection (worn)
 F - a +2 robe of willpower
Jewellery
 b - an amulet of regeneration (around neck)
 e - a ring of flight (left claw)
 i - a ring of resist corrosion (right claw)
 y - the ring "Tiuci Piul" {rF+++ rN+++ Will- Str+6 Int-5}
   (You found it on level 6 of the Dungeon)

   [ring of strength]

   Str:       It affects your strength (+6).
   Int:       It affects your intelligence (-5).
   rF:        It renders you almost immune to fire.
   rN:        It renders you almost immune to negative energy.
   Will:      It decreases your willpower.
 N - an amulet of reflection
Wands
 n - a wand of charming (9)
 A - a wand of acid (25)
 I - a wand of mindburst (4)
 L - a wand of digging (5)
Scrolls
 d - 6 scrolls of enchant armour {unknown}
 j - 13 scrolls of identify {unknown}
 k - 3 scrolls of summoning {unknown}
 l - 3 scrolls of fog {unknown}
 o - 5 scrolls of silence {unknown}
 q - a scroll of blinking {unknown}
 s - a scroll of immolation {unknown}
 t - 2 scrolls of vulnerability {unknown}
 w - 2 scrolls of amnesia {unknown}
 C - 2 scrolls of teleportation {unknown}
 E - 2 scrolls of enchant weapon {unknown}
 H - a scroll of noise {unknown}
 M - a scroll of magic mapping {unknown}
Potions
 f - 2 potions of berserk rage {unknown}
 g - 8 potions of curing
 m - 6 potions of heal wounds
 r - 2 potions of cancellation {unknown}
 u - 2 potions of attraction
 v - 3 potions of brilliance {unknown}
 x - 2 potions of degeneration {unknown}
 z - 2 potions of mutation {unknown}
 D - a potion of magic {unknown}
 O - a potion of haste {unknown}
Miscellaneous
 J - a phial of floods


   Skills:
 + Level 8.4 Fighting
 + Level 4.2 Throwing
 - Level 4.0 Armour
 - Level 3.0 Dodging
 + Level 5.2 Shields
 + Level 10.0 Unarmed Combat


You had 9 spell levels left.
You didn't know any spells.
Your spell library was empty.

Dungeon Overview and Level Annotations

Branches:
Dungeon (11/15)            Temple (0/1) D:5            Lair (0/5) D:9
    Orc: D:9-12

Altars:
Dithmenos
Okawaru
Trog
Xom

Shops:
D:10 !


Innate Abilities, Weirdness & Mutations

You are too large for most types of armour.
You have claws for hands.
Your natural rate of healing is unusually fast.
You are covered in fur. (AC +1)
You have tough skin. (AC +1)


Message History

The tengu conjurer hits you.
* * * LOW HITPOINT WARNING * * *
The tengu conjurer completely misses you.
The tengu conjurer claws you.
* * * LOW HITPOINT WARNING * * *
You claw the tengu warrior!
The tengu warrior is moderately wounded.
The tengu warrior hits you with a +2 vorpal battleaxe!!
* * * LOW HITPOINT WARNING * * *
x2 The tengu warrior pecks you.
* * * LOW HITPOINT WARNING * * *
The tengu warrior claws you but does no damage.
You barely miss the tengu warrior.
The tengu warrior is moderately wounded.
The tengu conjurer hits you but does no damage.
The tengu conjurer pecks you.
* * * LOW HITPOINT WARNING * * *
The tengu conjurer claws you.
* * * LOW HITPOINT WARNING * * *
You closely miss the tengu warrior.
The tengu warrior is moderately wounded.
The tengu warrior hits you with a +2 vorpal battleaxe.
* * * LOW HITPOINT WARNING * * *
x2 The tengu warrior pecks you but does no damage.
The tengu warrior claws you.
* * * LOW HITPOINT WARNING * * *
The tengu conjurer hits you.
* * * LOW HITPOINT WARNING * * *
The tengu conjurer misses you.
The tengu conjurer claws you but does no damage.
You feel a strong urge to attack something.
The meliai mumbles some strange prayers to its god against you.
Something smites you!
* * * LOW HITPOINT WARNING * * *
You feel your anger nearly subside.
You are no longer berserk.
You are exhausted.
You feel yourself slow down.
The tengu conjurer points at you and mumbles some strange words.
The bolt of lightning hits you!
You die...

#.......#.##..#
.......####.#...##
#.#
.......#.#.#.##.# .#
.......##..##.#### #
....... #........#
........####....#.[#
.......#.####..#.#
.#
..............#.#..
#......@###.##.#.###
..............#..#
.......Q##Q###...#
...............###
#.#....###'###.#
##.....#P.*y.#
##.#..#.###.#
##...#.#[#.#
##..#.#+#.#


You could see a tengu warrior and a tengu conjurer.

Vanquished Creatures
  A boulder beetle (D:11)
  A komodo dragon (D:11)
  2 trolls
  Sigmund (D:3)
  3 wyverns
  A wraith (D:10)
  A vampire (D:9)
  A steam dragon (D:7)
  5 vampire mosquitoes (D:10)
  An acid dragon (D:11)
  A water moccasin (D:7)
  Duvessa (D:4)
  2 orc warriors
  An ice beast (D:7)
  A black bear (D:3)
  A sky beast (D:7)
  2 ogres (D:5)
  4 centaurs
  2 kobold brigands (D:9)
  3 scorpions
  3 bullfrogs
  5 wights (D:10)
  Dowan (D:4)
  6 killer bees (D:9)
  8 howler monkeys
  2 jellies
  3 orc priests (D:6)
  A gnoll bouda (D:9)
  Ijyb (D:3)
  Terence (D:2)
  6 iguanas
  13 orc wizards
  6 gnolls
  9 adders
  An ufetubus (D:4)
  2 worms (D:2)
  2 dart slugs
  31 orcs
  5 bats
  7 endoplasms
  2 giant cockroaches (D:1)
  5 goblins
  4 hobgoblins
  14 kobolds
  6 quokkas
  3 ball pythons
  2 frilled lizards
  4 rats
  A bush (D:10)
189 creatures vanquished.

Vanquished Creatures (others)
  A white imp (D:7)
  A bush (D:10)
  3 fungi (D:9)
  4 plants
9 creatures vanquished.

Grand Total: 198 creatures vanquished

Notes
Turn   | Place    | Note
-------+----------+-------------------------------------------
     0 | D:1      | kevlar127 the Troll Berserker began the quest for the Orb.
     0 | D:1      | Reached XP level 1. HP: 22/22 MP: 0/0
   175 | D:1      | Reached XP level 2. HP: 29/29 MP: 1/1
   792 | D:2      | Found a shimmering altar of Xom.
   908 | D:2      | Reached XP level 3. HP: 36/36 MP: 2/2
   922 | D:2      | Reached ** piety under Trog
   925 | D:2      | Noticed Terence
   931 | D:2      | Killed Terence
  1086 | D:2      | Reached XP level 4. HP: 44/45 MP: 3/3
  1297 | D:2      | Reached skill level 4 in Unarmed Combat
  1379 | D:2      | Found a faded altar of an unknown god.
  1729 | D:3      | Noticed Ijyb
  1732 | D:3      | Noticed a black bear
  1738 | D:3      | Killed Ijyb
  1742 | D:3      | Killed a black bear
  1743 | D:3      | Reached XP level 5. HP: 43/54 MP: 4/4
  2106 | D:3      | Noticed Sigmund
  2113 | D:3      | Killed Sigmund
  2114 | D:3      | Reached skill level 5 in Unarmed Combat
  2114 | D:3      | Reached XP level 6. HP: 59/63 MP: 5/5
  2737 | D:4      | Noticed Duvessa
  2738 | D:4      | Noticed Dowan
  2743 | D:4      | Killed Duvessa
  2744 | D:4      | Reached skill level 5 in Fighting
  2744 | D:4      | Reached skill level 6 in Unarmed Combat
  2744 | D:4      | Reached XP level 7. HP: 63/72 MP: 6/6
  2752 | D:4      | Killed Dowan
  3234 | D:5      | Entered Level 5 of the Dungeon
  3314 | D:5      | Reached skill level 1 in Armour
  3428 | D:5      | Found a bloodstained altar of Trog.
  3476 | D:5      | Reached *** piety under Trog
  3492 | D:5      | Found a staircase to the Ecumenical Temple.
  3957 | D:5      | Found an iron altar of Okawaru.
  3962 | D:5      | Reached XP level 8. HP: 78/81 MP: 7/7
  4311 | D:6      | Found a shadowy altar of Dithmenos.
  4487 | D:6      | Reached skill level 7 in Unarmed Combat
  4871 | D:6      | Identified the ring "Tiuci Piul" {rF+++ rN+++ Will- Str+6
                  | Int-5}
  5445 | D:7      | Reached skill level 8 in Unarmed Combat
  5445 | D:7      | Reached XP level 9. HP: 92/92 MP: 8/8
  5859 | D:8      | Reached skill level 1 in Shields
  5982 | D:8      | Reached skill level 1 in Throwing
  5992 | D:8      | Reached **** piety under Trog
  6953 | D:9      | Found a staircase to the Lair.
  6957 | D:9      | Reached skill level 9 in Unarmed Combat
  7167 | D:10     | Entered Level 10 of the Dungeon
  7181 | D:10     | Noticed a troll
  7557 | D:10     | Killed a troll
  7590 | D:10     | Reached XP level 10. HP: 90/102 MP: 9/9
  7798 | D:10     | Found Mylag's Distillery.
  7806 | D:10     | Bought a potion of attraction for 33 gold pieces
  7806 | D:10     | Bought a potion of might for 44 gold pieces
  7806 | D:10     | Bought a potion of curing for 33 gold pieces
  7806 | D:10     | Bought a potion of heal wounds for 55 gold pieces
  8587 | D:11     | Noticed a boulder beetle
  8613 | D:11     | Killed a boulder beetle
  8614 | D:11     | Reached skill level 5 in Shields
  8614 | D:11     | Reached skill level 10 in Unarmed Combat
  8884 | D:11     | Noticed a tengu warrior
  8901 | D:11     | Killed from afar by a tengu conjurer

Illustrated notes

Levels and vault maps discovered:
D:1:      minmay_arrival_solitary_statue, layout_loops_ring,
          kennysheep_minor_cross
D:2:      minmay_evil_eye, layout_basic, hellmonk_ecumenical_altar_crossroads,
          basic_altar, kennysheep_cluttered_room, uniq_terence
D:3:      layout_loops_ring, minmay_quadrilaterals, uniq_sigmund, uniq_ijyb
D:4:      layout_loops_ring, uniq_duvessa
D:5:      layout_basic, minmay_temple_entry_offerings, solitary_fountain,
          hangedman_feature_mirror
D:6:      layout_loops_corners, mainiacjoe_overflow_alcove_4
D:7:      layout_cave_pools, minmay_misc_feat_plants
D:8:      layout_basic, grunt_decor_one_mirror
D:9:      layout_rooms, dpeg_oklobed_lair
D:10:     layout_loops_ring, enter_bailey_8, nicolae_stop_n_shop_1,
          minmay_hedge_maze, kennysheep_generic_room_2
D:11:     layout_big_octagon, serial_park_tiny_1, nicolae_hexahallways,
          minmay_shattered_shrine

Skill      XL: |  1  2  3  4  5  6  7  8  9 10 |
---------------+-------------------------------+-----
Fighting       | 3 4 5 6 7 8 |  8.4
Dodging        | 3 |  3.0
Unarmed Combat | 4 5 6 8 9 10 | 10.0
Armour         | 2 4 |  4.0
Shields        | 3 5 |  5.2
Throwing       | 2 4 |  4.2

Action                   |  1- 3 |  4- 6 |  7- 9 | 10-12 || total
-------------------------+-------+-------+-------+-------++-------
Melee: Unarmed           |    82 |    86 |   353 |    99 ||   620
       Punch             |       |     2 |     7 |       ||     9
Invok: Berserk           |       |       |     1 |     3 ||     4
       Trog's Hand       |       |       |     1 |     2 ||     3
  Use: Potion            |       |       |       |     2 ||     2
Armor: Animal skin       |    29 |    28 |     9 |       ||    66
       Robe              |       |       |    67 |    25 ||    92
Dodge: Dodged            |    33 |    34 |   113 |    33 ||   213
Block: Kite shield       |       |       |    53 |    51 ||   104
       Reflection        |       |       |     2 |     2 ||     4

Table legend: (Time is in decaauts)
 A = Elapsed time spent in this place.
 B = Non-inter-level travel time spent in this place.
 C = Inter-level travel time spent in this place.
 D = Time resting spent in this place.
 E = Time spent auto-exploring this place.
 F = Levels seen in this place.
 G = Mean time per level.
                   A        B        C        D        E       F      G
               +--------+--------+--------+--------+--------+-----+--------+
         Total |   8886 |   8418 |    468 |   1441 |   5754 |  11 |  807.8 |
       Dungeon |   8886 |   8418 |    468 |   1441 |   5754 |  11 |  807.8 |
               +--------+--------+--------+--------+--------+-----+--------+

Top non-repeatable levels by time:
     D:9: 1286 daAuts
     D:5: 971 daAuts
     D:2: 969 daAuts
     D:6: 837 daAuts
     D:4: 776 daAuts
     D:1: 739 daAuts
     D:3: 731 daAuts
    D:10: 723 daAuts
    D:11: 676 daAuts
     D:7: 597 daAuts
     D:8: 577 daAuts
